[ AOE2 MATCH · #495434615 ]
UnrankedIncas vs Italians
Player's team · WIN
Rival team · LOSS
[ REPLAY ANALYSIS · EXTRACTED FROM THE RECORDED GAME ]
Feudal
10:18
Castle
20:29
Imperial
—
| APM avg | 85.4 |
| APM peak | 119 |
| eAPM avg | 30.0 |
| Villagers / military | 68 / 15 |
Focus
⚔️ 43.5% · 🌾 56.5%
Unknown (2550) ×24 · Archer ×15
Feudal
12:36
Castle
21:25
Imperial
—
| APM avg | 56.3 |
| APM peak | 128 |
| eAPM avg | 30.3 |
| Villagers / military | 39 / 13 |
Focus
⚔️ 51.7% · 🌾 48.3%
Archer ×6 · Skirmisher ×4 · Militia ×3
Match map
Initial resources + every placement click. Lines = walls · curves = elevation contours. ◆ gold · ⬟ stone · ● berries · ✦ relic · ◌ wall gap
Your base· Open — unwalled flank
katzzlikemeowmix's base· ✓ Closed at 21:25 · 35t walls · no gate
Smoothed initial terrain · ◌ = detected wall gap · hover for details
Inputs per minute
— SVTT | Альпинист - - katzzlikemeowmix
Build order — SVTT | Альпинист
First 150 of 170 actions detected
| 0:00 | Queue | Villager (Male) |
| 0:01 | Queue | Villager (Male) |
| 0:02 | Build | House |
| 0:10 | Queue | Villager (Male) |
| 0:10 | Queue | Villager (Male) |
| 0:10 | Queue | Villager (Male) |
| 1:08 | Queue | Villager (Male) |
| 1:09 | Queue | Villager (Male) |
| 1:55 | Queue | Villager (Male) |
| 2:12 | Build | Settlement |
| 2:14 | Queue | Villager (Male) |
| 2:46 | Queue | Villager (Male) |
| 2:46 | Queue | Villager (Male) |
| 3:07 | Queue | Villager (Male) |
| 3:21 | Queue | Villager (Male) |
| 4:02 | Queue | Villager (Male) |
| 4:02 | Queue | Villager (Male) |
| 4:27 | Queue | Villager (Male) |
| 4:27 | Queue | Villager (Male) |
| 5:03 | Queue | Villager (Male) |
| 5:03 | Queue | Villager (Male) |
| 5:07 | Build | Barracks |
| 5:37 | Queue | Villager (Male) |
| 5:54 | Build | House |
| 6:04 | Queue | Unit 2550 |
| 6:04 | Queue | Unit 2550 |
| 6:06 | Queue | Villager (Male) |
| 6:06 | Queue | Villager (Male) |
| 6:06 | Queue | Villager (Male) |
| 6:31 | Queue | Villager (Male) |
| 6:31 | Research | Loom |
| 6:37 | Queue | Villager (Male) |
| 6:43 | Build | Palisade Gate |
| 7:34 | Queue | Villager (Male) |
| 8:08 | Research | Feudal Age |
| 8:08 | Research | Feudal Age |
| 8:33 | Build | Settlement |
| 8:40 | Build | Settlement |
| 9:36 | Queue | Unit 2550 |
| 9:36 | Queue | Unit 2550 |
| 10:13 | Queue | Villager (Male) |
| 10:18 | Age | Feudal Age |
| 10:21 | Build | Archery Range |
| 10:22 | Research | Tech 1402 |
| 10:22 | Research | Tech 1402 |
| 10:23 | Research | Double-Bit Axe |
| 10:24 | Research | Horse Collar |
| 10:32 | Queue | Villager (Male) |
| 10:34 | Queue | Villager (Male) |
| 10:44 | Queue | Villager (Male) |
| 10:44 | Queue | Villager (Male) |
| 11:10 | Queue | Archer |
| 11:10 | Queue | Archer |
| 11:21 | Queue | Villager (Male) |
| 11:21 | Queue | Villager (Male) |
| 11:22 | Queue | Villager (Male) |
| 11:27 | Research | Horse Collar |
| 11:30 | Queue | Villager (Male) |
| 11:30 | Queue | Villager (Male) |
| 11:42 | Queue | Archer |
| 11:42 | Queue | Archer |
| 11:59 | Queue | Villager (Male) |
| 12:00 | Queue | Villager (Male) |
| 12:14 | Queue | Archer |
| 12:14 | Queue | Archer |
| 12:30 | Queue | Villager (Male) |
| 12:32 | Build | Farm |
| 12:33 | Build | Farm |
| 12:34 | Build | Farm |
| 12:35 | Build | Farm |
| 12:38 | Queue | Archer |
| 12:39 | Queue | Archer |
| 12:46 | Queue | Villager (Male) |
| 12:46 | Queue | Villager (Male) |
| 12:49 | Build | Farm |
| 13:08 | Build | Settlement |
| 13:11 | Queue | Archer |
| 13:11 | Queue | Archer |
| 13:27 | Queue | Villager (Male) |
| 13:30 | Build | Farm |
| 13:39 | Research | Arson |
| 13:51 | Queue | Villager (Male) |
| 14:09 | Queue | Villager (Male) |
| 14:09 | Queue | Villager (Male) |
| 14:09 | Queue | Villager (Male) |
| 14:10 | Queue | Villager (Male) |
| 14:14 | Build | Farm |
| 14:15 | Build | Farm |
| 14:19 | Build | House |
| 14:20 | Queue | Archer |
| 14:21 | Queue | Archer |
| 14:24 | Queue | Villager (Male) |
| 14:25 | Queue | Villager (Male) |
| 14:37 | Build | Blacksmith |
| 15:10 | Queue | Villager (Male) |
| 15:10 | Queue | Villager (Male) |
| 15:11 | Queue | Villager (Male) |
| 15:11 | Queue | Villager (Male) |
| 15:12 | Queue | Villager (Male) |
| 15:12 | Queue | Villager (Male) |
| 15:13 | Build | Farm |
| 15:14 | Build | Farm |
| 15:20 | Queue | Archer |
| 15:20 | Queue | Archer |
| 15:21 | Queue | Archer |
| 15:29 | Queue | Villager (Male) |
| 15:30 | Build | House |
| 15:33 | Research | Fletching |
| 15:33 | Research | Fletching |
| 15:33 | Queue | Villager (Male) |
| 15:35 | Build | Farm |
| 15:35 | Queue | Villager (Male) |
| 15:36 | Queue | Villager (Male) |
| 15:55 | Queue | Villager (Male) |
| 15:56 | Build | Farm |
| 16:15 | Queue | Villager (Male) |
| 16:18 | Build | Market |
| 16:58 | Queue | Villager (Male) |
| 17:06 | Build | Farm |
| 17:49 | Research | Castle Age |
| 17:52 | Build | Barracks |
| 17:53 | Build | Barracks |
| 17:54 | Queue | Unit 2550 |
| 17:55 | Queue | Unit 2550 |
| 18:37 | Research | Scale Mail Armor |
| 18:43 | Queue | Unit 2550 |
| 18:55 | Queue | Unit 2550 |
| 19:12 | Queue | Unit 2550 |
| 19:12 | Queue | Unit 2550 |
| 19:24 | Build | Farm |
| 19:24 | Build | Farm |
| 19:24 | Build | Farm |
| 19:24 | Build | Farm |
| 19:24 | Build | Farm |
| 19:51 | Research | Gold Mining |
| 19:52 | Research | Gold Mining |
| 20:02 | Build | Outpost |
| 20:06 | Build | Outpost |
| 20:11 | Build | Outpost |
| 20:18 | Research | Wheelbarrow |
| 20:20 | Queue | Unit 2550 |
| 20:23 | Queue | Unit 2550 |
| 20:23 | Queue | Unit 2550 |
| 20:24 | Queue | Unit 2550 |
| 20:24 | Queue | Unit 2550 |
| 20:29 | Age | Castle Age |
| 20:34 | Research | Tech 1351 |
| 20:35 | Research | Tech 1351 |
| 20:35 | Research | Squires |
| 20:35 | Research | Squires |
Build order — katzzlikemeowmix
123 actions detected in the replay
| 0:00 | Queue | Villager (Male) |
| 0:01 | Build | House |
| 0:02 | Build | House |
| 0:06 | Queue | Villager (Male) |
| 0:11 | Queue | Villager (Male) |
| 0:17 | Queue | Villager (Male) |
| 1:27 | Queue | Villager (Male) |
| 2:00 | Build | Lumber Camp |
| 2:01 | Queue | Villager (Male) |
| 2:12 | Queue | Villager (Male) |
| 2:45 | Queue | Villager (Male) |
| 2:59 | Queue | Villager (Male) |
| 3:24 | Queue | Villager (Male) |
| 3:57 | Build | House |
| 4:00 | Queue | Villager (Male) |
| 4:22 | Queue | Villager (Male) |
| 4:35 | Build | Barracks |
| 4:50 | Queue | Villager (Male) |
| 4:53 | Queue | Villager (Male) |
| 5:02 | Build | House |
| 5:24 | Queue | Villager (Male) |
| 5:31 | Build | House |
| 5:38 | Queue | Militia |
| 6:04 | Queue | Militia |
| 6:12 | Queue | Villager (Male) |
| 6:21 | Queue | Militia |
| 6:24 | Queue | Villager (Male) |
| 6:47 | Build | Mill |
| 7:00 | Queue | Villager (Male) |
| 7:19 | Queue | Villager (Male) |
| 7:30 | Queue | Villager (Male) |
| 7:36 | Research | Loom |
| 7:36 | Queue | Villager (Male) |
| 7:53 | Queue | Villager (Male) |
| 8:21 | Build | Farm |
| 8:22 | Build | Farm |
| 8:37 | Build | Farm |
| 8:39 | Queue | Villager (Male) |
| 9:12 | Build | Mill |
| 9:16 | Queue | Villager (Male) |
| 9:21 | Build | Farm |
| 9:40 | Build | Farm |
| 9:56 | Build | House |
| 9:58 | Queue | Villager (Male) |
| 10:20 | Research | Feudal Age |
| 10:34 | Build | Mining Camp |
| 10:59 | Build | Palisade Wall |
| 11:13 | Build | Palisade Wall |
| 11:22 | Build | Palisade Wall |
| 11:31 | Queue | Villager (Male) |
| 11:33 | Build | House |
| 11:56 | Build | Barracks |
| 12:18 | Queue | Villager (Male) |
| 12:23 | Build | Palisade Wall |
| 12:36 | Age | Feudal Age |
| 12:47 | Build | Watch Tower |
| 12:53 | Queue | Villager (Male) |
| 13:02 | Research | Double-Bit Axe |
| 13:07 | Build | Farm |
| 13:31 | Build | Mining Camp |
| 13:37 | Queue | Villager (Male) |
| 14:00 | Queue | Villager (Male) |
| 14:20 | Queue | Villager (Male) |
| 14:23 | Build | Archery Range |
| 14:38 | Queue | Villager (Male) |
| 14:54 | Queue | Villager (Male) |
| 15:15 | Queue | Skirmisher |
| 15:16 | Queue | Skirmisher |
| 15:16 | Queue | Villager (Male) |
| 15:26 | Build | Watch Tower |
| 15:37 | Queue | Skirmisher |
| 15:39 | Build | Farm |
| 15:40 | Build | Farm |
| 15:46 | Queue | Villager (Male) |
| 16:07 | Build | Farm |
| 16:10 | Queue | Villager (Male) |
| 16:25 | Build | House |
| 17:05 | Queue | Villager (Male) |
| 17:07 | Build | Lumber Camp |
| 17:17 | Queue | Skirmisher |
| 17:45 | Build | House |
| 17:49 | Queue | Villager (Male) |
| 18:12 | Build | Blacksmith |
| 18:17 | Build | Blacksmith |
| 18:45 | Research | Castle Age |
| 19:02 | Research | Horse Collar |
| 19:07 | Build | Farm |
| 19:08 | Build | Farm |
| 19:10 | Build | Farm |
| 19:13 | Build | Farm |
| 19:14 | Research | Fletching |
| 19:19 | Build | House |
| 19:19 | Build | House |
| 19:21 | Build | House |
| 19:27 | Build | House |
| 19:34 | Build | House |
| 19:35 | Build | House |
| 20:02 | Queue | Archer |
| 20:03 | Queue | Villager (Male) |
| 20:09 | Build | Archery Range |
| 20:17 | Build | Farm |
| 20:20 | Build | Farm |
| 20:24 | Build | Farm |
| 20:29 | Build | Farm |
| 20:34 | Queue | Archer |
| 20:34 | Queue | Archer |
| 20:37 | Research | Padded Archer Armor |
| 20:40 | Build | House |
| 20:42 | Build | House |
| 20:44 | Build | House |
| 20:51 | Queue | Archer |
| 20:59 | Build | Palisade Gate |
| 21:00 | Build | House |
| 21:05 | Queue | Archer |
| 21:05 | Queue | Archer |
| 21:10 | Research | Gold Mining |
| 21:20 | Build | Farm |
| 21:25 | Age | Castle Age |
| 21:31 | Research | Crossbowman (upgrade) |
| 21:34 | Build | Siege Workshop |
| 21:41 | Build | House |
| 21:55 | Build | Farm |
| 21:56 | Build | Farm |
Match timeline
| 4:35 | katzzlikemeowmix · first_building Barracks |
| 5:07 | SVTT | Альпинист · first_building Barracks |
| 10:18 | SVTT | Альпинист · age_up feudal |
| 10:21 | SVTT | Альпинист · first_building Archery Range |
| 10:59 | katzzlikemeowmix · wall_segment Palisade Wall x13 |
| 11:13 | katzzlikemeowmix · wall_segment Palisade Wall x11 |
| 11:22 | katzzlikemeowmix · wall_segment Palisade Wall x10 |
| 12:23 | katzzlikemeowmix · wall_segment Palisade Wall x1 |
| 12:36 | katzzlikemeowmix · age_up feudal |
| 14:23 | katzzlikemeowmix · first_building Archery Range |
| 20:29 | SVTT | Альпинист · age_up castle |
| 20:50 | SVTT | Альпинист · first_market_sell 100 wood |
| 20:50 | SVTT | Альпинист · first_market_buy 100 food |
| 21:25 | katzzlikemeowmix · age_up castle |
| 21:34 | katzzlikemeowmix · first_building Siege Workshop |
| 22:46 | katzzlikemeowmix · resign |
[ AI ANALYSIS · 1 CREDIT ]
What really happened in this match?
Wolo.gg analyzes every decision: build order, eco, micro, common mistakes by bracket. Personalized analysis on WhatsApp or Discord in 30 seconds.
Civ guide
Incas
Perfil
Jugador #6375678